 Dungeon Crawl Stone Soup version 0.21.0-24-g2553a33 (webtiles) character file.

72 Gorglomux the Skirmisher (level 4, -7/35 HPs)
             Began as a Barachi Skald on Jan 20, 2018.
             Killed from afar by Natasha (8 damage)
             ... with a magic dart
             ... on level 2 of the Dungeon.
             The game lasted 00:02:02 (1504 turns).

Gorglomux the Skirmisher (Barachi Skald)            Turns: 1504, Time: 00:02:03

Health: -7/35      AC:  3    Str: 13    XL:     4   Next: 25%
Magic:  7/7        EV: 12    Int: 14    God:
Gold:   33         SH:  0    Dex: 11    Spells: 6/7 levels left

rFire    . . .     SeeInvis .   a - +1 hand axe
rCold    . . .     Gourm    .   (no shield)
rNeg     . . .     Faith    .   b - +0 leather armour
rPois    .         Spirit   .   (no helmet)
rElec    .         Reflect  .   (no cloak)
rCorr    .         Harm     .   (no gloves)
MR       .....                  (no boots)
Stlth    +.........             (no amulet)
HPRegen  0.11/turn              (no ring)
MPRegen  0.10/turn              (no ring)

@: can't hop, slow
A: +LOS, swims, slowness 1, strong legs 1
a: Hop


You were on level 2 of the Dungeon.
You were near starving.

You visited 1 branch of the dungeon, and saw 2 of its levels.

You collected 33 gold pieces.

Inventory:

Hand Weapons
 a - a +1 hand axe (weapon)
Armour
 b - a +0 leather armour (worn)
Books
 c - a book of Battle

   Spells                             Type                      Level
   a - Infusion                       Charms                       1
   b - Shroud of Golubria             Charms/Translocation         2
   c - Song of Slaying                Charms                       2
   d - Spectral Weapon                Hexes/Charms                 3
   e - Regeneration                   Charms/Necromancy            3
Comestibles
 d - 3 rations


   Skills:
 + Level 3.3 Fighting
 + Level 3.0 Axes
 + Level 2.5 Armour
 + Level 3.0 Dodging
 - Level 2.1 Spellcasting
 - Level 3.2 Charms


You had 6 spell levels left.
You knew the following spells:

 Your Spells              Type           Power        Failure   Level  Hunger
a - Infusion              Chrm           ##..         8%          1    #......


Dungeon Overview and Level Annotations

Branches:
Dungeon (2/15)

Altars:
The Shining One

Annotations:
D:2 Natasha, Sigmund


Innate Abilities, Weirdness & Mutations

Shadows flee at your approach. (+LOS)
You can swim through water.
You cover ground slowly.
You can hop short distances.


Message History

Butt are too injured to fight recklessly!!!
You barely miss Natasha!
Natasha is heavily wounded!
Natasha howls an incantation!
You feel troubled! Natasha claws you!!! * * * don't die
* * * You aren't carrying any potions!
As you read the scroll butt QUWYOTT IZXE, it crumbles to dust!
It is a scroll of enchant butt!
Your +0 hand axe glows red for a moment!
Natasha casts a spell at you!
The magic dart hits you!!! * * * don't die
* * * Butt to where?
Press: ? - help, Dir - move target cursor Boing!!!
Natasha casts a butt at you! The magic dart hits you!!! rip

#....### .⌠._.⌠. ###...##.#
#......##..⌠.⌠..##...####.#
#h.##..⌠..+#..### #.#
##..## ##.÷## #.# ##..##
##..## #.. #...###..## ###
#....#..## ##...#.##
##@...# #...## ##..# ####


You could see Natasha.

Vanquished Creatures
  2 adders (D:2)
  A worm (D:2)
  3 dart slugs (D:1)
  A leopard gecko (D:1)
  3 giant cockroaches (D:1)
  8 goblins
  4 hobgoblins
  4 jackals (D:1)
  4 bats
  2 frilled lizards (D:2)
  4 kobolds
  6 rats
42 creatures vanquished.

Notes
Turn   | Place    | Note
-------+----------+-------------------------------------------
     0 | D:1      | Gorglomux the Barachi Skald began the quest for the Orb.
     0 | D:1      | Reached XP level 1. HP: 17/17 MP: 3/3
    65 | D:1      | Reached XP level 2. HP: 17/23 MP: 5/5
   491 | D:1      | Reached skill level 3 in Fighting
   491 | D:1      | Reached XP level 3. HP: 21/29 MP: 6/6
  1053 | D:2      | Noticed Sigmund
  1088 | D:1      | Reached XP level 4. HP: 7/35 MP: 7/7
  1235 | D:2      | Reached skill level 3 in Dodging
  1236 | D:2      | Reached skill level 3 in Axes
  1493 | D:2      | Found a glowing golden altar of the Shining One.
  1493 | D:2      | Noticed Natasha
  1503 | D:2      | HP: 1/35 [Natasha/magic dart (7)]
  1504 | D:2      | Killed from afar by Natasha

Skill      XL: |  1  2  3  4 |
---------------+-------------+-----
Armour         | 2 |  2.5
Fighting       | 3 |  3.3
Dodging        | 3 |  3.0
Axes           | 3 |  3.0
Spellcasting   | |  2.1
Charms         | |  3.2

Action                   |  1- 3 |  4- 6 || total
-------------------------+-------+-------++-------
Melee: Hand axe          |   102 |    24 ||   126
 Cast: Infusion          |     6 |       ||     6
 Abil: Hop               |     1 |     1 ||     2
  Use: Potion            |     3 |       ||     3
       Scroll            |       |     1 ||     1
  Eat: Chunk             |     1 |       ||     1
Armor: Leather armour    |    30 |     4 ||    34
Dodge: Dodged            |    85 |     8 ||    93
